 Dungeon Crawl Stone Soup version 0.32-a0-643-ga006e7742e (webtiles) character file.

Game seed: 11731080162776528091

1249 croobank the Sneak (level 8, -4/51 HPs)
             Began as an Octopode Summoner on Mar 8, 2024.
             Slain by an ogre
             ... wielding a +0 giant club
              (22 damage)
             ... on level 5 of the Dungeon.
             The game lasted 00:15:19 (5048 turns).

croobank the Sneak (Octopode Summoner)              Turns: 5048, Time: 00:15:19

Health: -4/51      AC:  1    Str:  7    XL:     8   Next: 50%
Magic:  11/15      EV: 14    Int: 20    God:
Gold:   272        SH:  0    Dex: 12    Spells: 3/17 levels left

rFire   . . .        l - +3 short sword (venom)
rCold   . . .        (no shield)
rNeg    . . .        (helmet restricted)
rPois   .            (no amulet)
rElec   .            d - ring of see invisible
rCorr   .            (no ring)
SInv    +            (no ring)
Will    .....        (no ring)
Stlth   ++++         (no ring)
HPRegen 0.28/turn    (no ring)
MPRegen 0.14/turn    (no ring)
                     (no ring)

%: no passive effects
@: no status effects
A: almost no armour, amphibious, 8 rings, camouflage 1, gelatinous body 1,
(nimble swimmer 1), tentacles
a: no special abilities


You were on level 5 of the Dungeon.
You visited 1 branch of the dungeon, and saw 5 of its levels.
You also visited: Sewer.

You collected 272 gold pieces.

Inventory:

Hand Weapons
 l - a +3 short sword of venom (weapon)
 n - a +0 trident
Missiles
 h - 5 poisoned darts
Jewellery
 d - a ring of see invisible (left tentacle)
Wands
 o - a wand of acid (7)
 t - a wand of warping (8)
Scrolls
 b - a scroll of fog
 e - 2 scrolls of blinking
 f - 3 scrolls of teleportation
 i - a scroll of noise
 j - a scroll of fear
Potions
 a - 2 potions of magic
 g - a potion of ambrosia
 m - a potion of cancellation
 p - a potion of heal wounds
 q - a potion of haste
 r - a potion of enlightenment
 s - a potion of curing


   Skills:
 + Level 2.6 Fighting
 + Level 4.0 Dodging
 + Level 5.7 Stealth
 + Level 5.3 Spellcasting
 + Level 5.3 Summonings
 + Level 4.5 Fire Magic


You had 3 spell levels left.
You knew the following spells:

 Your Spells              Type           Power      Damage    Failure   Level
a - Summon Small Mammal   Summ           100%       N/A       1%          1
b - Call Imp              Summ           52%        N/A       1%          2
c - Call Canine Familiar  Summ           26%        N/A       3%          3
d - Summon Blazeheart Go  Fire/Summ      24%        N/A       16%         4
e - Summon Lightning Spi  Summ/Air       15%        N/A       36%         4

Your spell library contained the following spells:

 Spells                   Type           Power      Damage    Failure   Level
 Dazzling Flash           Conj/Hex       10%        N/A       34%         3
 Frozen Ramparts          Ice            10%        1d2       34%         3
 Mephitic Cloud           Conj/Alch/Air  5%         N/A       34%         3
 Leda's Liquefaction      Alch/Erth      2%         N/A       75%         4
 Petrify                  Alch/Erth      5%         N/A       75%         4
 Curse of Agony           Necr           5%         N/A       97%         5
 Metabolic Englaciation   Hex/Ice        2%         N/A       97%         5
 Silence                  Hex/Air        2%         N/A       97%         5


Dungeon Overview and Level Annotations

Branches:
Dungeon (5/15)              Sewer (visited)
 Temple: D:4-7

Altars:
Hepliaklqana

Shops:
D:3 =


Innate Abilities, Weirdness & Mutations

You cannot wear most types of armour.
You are amphibious.
You can wear up to eight rings at the same time.
Your skin changes colour to match your surroundings (Stealth+).
Your rubbery body absorbs attacks. (AC +1, EV +1)
((You are camouflaged when in or above water. (Stealth+)))
You have tentacles for arms and can constrict up to eight enemies at once.


Message History

A gnoll sergeant comes into view. It is wielding a +2 trident of venom.
You see here a +0 whip.
Your ogre hits the hound with a +0 giant club!!
The hound dies!
Something completely misses your iguana.
An ogre comes into view. It is wielding a +0 giant club.
You hit the gnoll.
The gnoll is poisoned.
Your grab misses the gnoll.
The gnoll is lightly wounded.
The gnoll hits you with a +0 flail!
Your iguana barely misses the gnoll.
You hit the gnoll. You grab the gnoll.
The gnoll is almost dead.
You constrict the gnoll.
You kill the gnoll!
The gnoll sergeant hits your ogre with a +2 trident of venom!
Your ogre is poisoned.
Your ogre barely misses the gnoll sergeant.
The gnoll sergeant hits your ogre with a +2 trident of venom.
Your ogre looks as sick as possible!
Your iguana bites the gnoll sergeant!
You see here a +0 whip.
The gnoll sergeant hits your ogre with a +2 trident of venom!
Your ogre dies!
Your ogre's corpse dissolves into shadows!
Your iguana barely misses the gnoll sergeant. x2
Your iguana closely misses the gnoll sergeant.
Your iguana bites the gnoll sergeant.
You see here a +0 whip.
Your iguana bites the gnoll sergeant! x2
The gnoll sergeant dies!
Your Dodging skill increases to level 4!
Your iguana dissolves into shadows!
Casting: Summon Blazeheart Golem (quite dangerous; 16% risk of failure)
Confirm with . or Enter, or press ? or * to list all spells.
A fiery spirit appears, bound in slag iron.
The ogre hits you with a +0 giant club!!
Your iguana bites the ogre!
You hit the ogre.
The ogre is heavily wounded.
The ogre hits you with a +0 giant club!!
You die...

.##.....##. ..........
........... .........
.....##.#.. #.......
...#....... ## #.....#
#..)..... #.⌠#.....#
#.#.....†.. +#..#.....##
##......)###
....'....9.#+++#..........#
...'..)lO@.......#........
...#......................
##...#..........###.#...
#####....#.........####.....
.........#..................
.........####...............
....#...###.................
....##...##................#
............#.............##


You could see an ogre (ally target), a friendly blazeheart golem (summoned) and
a friendly iguana (summoned).

Vanquished Creatures
  Sigmund (D:4)
  An ogre (D:4)
  A scorpion (D:4)
  2 hounds (D:5)
  An orc priest (D:4)
  An orc wizard (D:4)
  3 gnolls
  3 adders
  A white imp (D:5)
  7 orcs (D:4)
  4 endoplasms
  4 giant cockroaches
  2 goblins
  2 hobgoblins (D:4)
  2 quokkas (D:4)
  3 ball pythons
  2 frilled lizards
  A kobold (D:3)
  4 rats
45 creatures vanquished.

Vanquished Creatures (collateral kills)
  2 black bears (D:5)
  2 brain worms (Sewer)
  A gnoll sergeant (D:5)
  A hound (D:5)
  A bombardier beetle (D:5)
  A gnoll bouda (D:5)
  2 orc priests (D:4)
  Ijyb (D:4)
  2 orc wizards (D:4)
  4 adders
  3 river rats (Sewer)
  4 gnolls (D:5)
  A ribbon worm (D:3)
  4 orcs
  3 bats
  5 endoplasms
  A giant cockroach (D:3)
  4 hobgoblins
  3 jackals
  2 quokkas
  6 ball pythons
  5 frilled lizards (Sewer)
  2 goblins
  8 rats
68 creatures vanquished.

Vanquished Creatures (others)
  3 blazeheart cores (D:4)
3 creatures vanquished.

Grand Total: 116 creatures vanquished

Notes
Turn   | Place    | Note
-------+----------+-------------------------------------------
     0 | D:1      | croobank the Octopode Summoner began the quest for the Orb.
     0 | D:1      | Reached XP level 1. HP: 11/11 MP: 3/3
     5 | D:1      | Noticed a death yak
   171 | D:1      | Reached XP level 2. HP: 17/17 MP: 3/5
   174 | D:1      | Learned a level 2 spell: Call Imp
   530 | D:1      | Reached XP level 3. HP: 15/21 MP: 6/6
   534 | D:1      | Learned a level 3 spell: Call Canine Familiar
   591 | D:1      | Noticed an elephant
  1143 | D:2      | Found a hazy altar of Hepliaklqana.
  1347 | D:2      | Found a faded altar of an unknown god.
  1819 | D:3      | Reached XP level 4. HP: 25/27 MP: 4/7
  2323 | D:3      | Found Rengaol's Jewellery Shop.
  2791 | D:4      | Noticed a scorpion
  2793 | D:4      | Reached XP level 5. HP: 32/32 MP: 1/9
  2803 | D:4      | Reached skill level 1 in Fighting
  2884 | D:4      | Noticed Sigmund
  2924 | D:4      | Learned a level 4 spell: Summon Blazeheart Golem
  3172 | D:4      | Reached XP level 6. HP: 34/38 MP: 10/10
  3217 | D:4      | Found a glowing drain.
  3224 | Sewer    | Entered a sewer
  3266 | Sewer    | Reached skill level 1 in Fire Magic
  3683 | Sewer    | Reached XP level 7. HP: 21/44 MP: 0/12
  4010 | D:4      | Killed Sigmund
  4204 | D:4      | Noticed Ijyb
  4220 | D:4      | Killed Ijyb
  4634 | D:5      | Entered Level 5 of the Dungeon
  4677 | D:5      | Reached skill level 5 in Spellcasting
  4693 | D:5      | Reached skill level 5 in Stealth
  4693 | D:5      | Reached skill level 5 in Summonings
  4693 | D:5      | Reached XP level 8. HP: 50/50 MP: 10/15
  4747 | D:5      | Learned a level 4 spell: Summon Lightning Spire
  5048 | D:5      | Slain by an ogre

Illustrated notes

Levels and vault maps discovered:
D:1:      sevenhm_arrival_forest_fort_small_2, layout_rooms
D:2:      layout_basic, basic_altar, hellmonk_ecumenical_altar_leap_of_faith
D:3:      layout_basic, serial_shops, nicolae_shop_trees
D:4:      layout_loops_ring, portal_sewer_entry_b,
          chequers_serial_rivers_small_b, kennysheep_nub, grunt_ministairs_2,
          uniq_sigmund, uniq_ijyb
D:5:      layout_cave_pools, serial_gnoll_camp, gnoll_camp_medium_01,
          gnoll_camp_mini_hut, gnoll_camp_mini_doghouse, gnoll_camp_mini_house,
          gnoll_camp_mini_basic, gnoll_camp_mini_loothouse

Skill      XL: |  1  2  3  4  5  6  7  8 |
---------------+-------------------------+-----
Stealth        | 3 4 5 |  5.7
Fighting       | 1 2 |  2.6
Dodging        | 3 4 |  4.0
Spellcasting   | 3 5 |  5.3
Fire Magic     | 2 4 |  4.5
Summonings     | 5 |  5.3

Action                     |  1- 3 |  4- 6 |  7- 9 || total
---------------------------+-------+-------+-------++-------
  Melee: Unarmed           |    14 |     2 |       ||    16
         Constrict         |     3 |     9 |     8 ||    20
         Tentacles         |     4 |    10 |     3 ||    17
         Short sword       |       |    34 |    27 ||    61
   Cast: Summon Small Mamm |    23 |    25 |    18 ||    66
         Call Imp          |    11 |     5 |    11 ||    27
         Call Canine Famil |     4 |     5 |     7 ||    16
         Summon Blazeheart |       |     1 |     4 ||     5
    Use: Scroll            |       |     8 |     7 ||    15
         Potion            |       |       |     2 ||     2
   Stab: Sleeping          |     4 |     3 |       ||     7
         Distracted        |       |     1 |     1 ||     2
 Armour: Skin              |     4 |    14 |    21 ||    39
  Dodge: Dodged            |     6 |    18 |    14 ||    38

Table legend: (Time is in decaauts)
 A = Elapsed time spent in this place.
 B = Non-inter-level travel time spent in this place.
 C = Inter-level travel time spent in this place.
 D = Time resting spent in this place.
 E = Time spent auto-exploring this place.
 F = Levels seen in this place.
 G = Mean time per level.
                   A        B        C        D        E       F      G
               +--------+--------+--------+--------+--------+-----+--------+
         Total |   5045 |   4931 |    114 |    788 |   2852 |   6 |  840.8 |
       Dungeon |   4309 |   4195 |    114 |    611 |   2580 |   5 |  861.8 |
         Sewer |    735 |    735 |      0 |    177 |    272 |   1 |  735.0 |
               +--------+--------+--------+--------+--------+-----+--------+

Top non-repeatable levels by time:
     D:3: 1201 daAuts
     D:4: 1067 daAuts
     D:2: 893 daAuts
   Sewer: 735 daAuts
     D:1: 733 daAuts
     D:5: 413 daAuts
